 Dungeon Crawl Stone Soup version 0.23.2-40-g277498a001 (webtiles) character file.

Game seed: 5304430315424775024

7 Descartes the Ducker (level 1, 0/9 HPs)
             Began as a Felid Wanderer on Oct 13, 2019.
             Slain by a kobold
             ... wielding a +0 dagger
              (2 damage)
             ... on level 1 of the Dungeon.
             The game lasted 00:00:44 (153 turns).

Descartes the Ducker (Felid Wanderer)                Turns: 153, Time: 00:00:45

Health: 0/9        AC:  1    Str:  6    XL:     1   Next: 91%
Magic:  3/3        EV: 19    Int: 14    God:
Gold:   0          SH:  0    Dex: 16    Spells: 1/2 levels left
                                        Lives:  0   Deaths: 0

rFire    . . .     SeeInvis +     - Unarmed
rCold    . . .     Gourm    .   (shield unavailable)
rNeg     . . .     Faith    .   (armour unavailable)
rPois    .         Spirit   .   (helmet unavailable)
rElec    .         Reflect  .   (cloak unavailable)
rCorr    .         Harm     .   (gloves unavailable)
MR       .....                  (boots unavailable)
Stlth    +++.......             (no amulet)
HPRegen  0.03/turn              (no ring)
MPRegen  0.08/turn              (no ring)

@: quick
A: very small, no armour, no weapons or thrown items, stealth, claws 1, fangs 3,
see invisible, carnivore, speed 1, shaggy fur 1, slow metabolism 1, sharp paws
a: no special abilities


You were on level 1 of the Dungeon.
You were not hungry.

You visited 1 branch of the dungeon, and saw 1 of its levels.

Inventory:

Potions
 a - 2 potions of heal wounds {unknown}
 b - a potion of lignification
 d - a potion of curing {unknown}
Comestibles
 c - a ration


   Skills:
 + Level 1.1 Fighting
 * Level 4.1 Dodging
 * Level 3.0 Stealth
 * Level 1.2 Unarmed Combat
 + Level 1.1 Spellcasting
 + Level 2.0 Necromancy


You had one spell level left.
You knew the following spells:

 Your Spells              Type           Power        Failure   Level  Hunger
a - Animate Skeleton      Necr           N/A          11%         1    ##.....

Your spell library contained the following spells:

 Spells                   Type           Power        Failure   Level  Hunger
 Regeneration             Chrm/Necr      #.........   45%         3    ####...


Dungeon Overview and Level Annotations

Branches:
Dungeon (1/15)

Altars:


Innate Abilities, Weirdness & Mutations

You cannot wear armour.
You are incapable of wielding weapons or throwing items.
Your paws allow you to move quietly. (Stealth)
You have sharp claws.
You have razor-sharp teeth.
You have supernaturally acute eyesight. (SInv)
You are carnivorous and can eat meat at any time.
You cover ground quickly.
You are covered in fur. (AC +1)
You have a slow metabolism.
Your sharp claws are effective at attacking unaware monsters.


Message History

* * * LOW HITPOINT WARNING * * *
You barely miss the jackal.
The jackal is moderately wounded.
The jackal misses you. The jackal barely misses you.
You barely miss the jackal. You bite the jackal.
The jackal is almost dead.
The rat twitches its whiskers.
The jackal barely misses you.
You scratch the jackal but do no damage.
Your bite misses the jackal.
The jackal is almost dead.
The jackal closely misses you.
You scratch the jackal.
You kill the jackal!
You scratch the kobold but do no damage.
The kobold closely misses you.
You closely miss the kobold. The kobold closely misses you.
You closely miss the kobold. The kobold hits you but does no damage.
You barely miss the kobold. The kobold hits you with a +0 dagger.
You die...

## ## #.###### ..g #≈ ♣≈♣≈≈≈≈#
#.## #≈ ...P..≈# ......... ...
#≈♣♣♣.PPP.≈# ##.......## #.##
#≈.♣...P..≈# #.........#
#..###♣.......♣♣#. #.........#
##........<....... #.........#
#...##♣.......♣♣## #.........#
#@#.##≈.P...P..≈# .....!.r..#
#K#.##≈PPP.PPP.≈# ......(..#
##r#.##≈.P...P..≈#
.......(#######....##≈≈≈♣.♣≈≈≈≈#
.....##..r........#######.######
..... #......K.÷.## #.. ..(.
#...%......# .... #..........#
... #..........###...


You could see a kobold and a rat.

Vanquished Creatures
  A bat (D:1)
  3 jackals (D:1)
  A kobold (D:1)
  A ball python (D:1)
6 creatures vanquished.

Notes
Turn   | Place    | Note
-------+----------+-------------------------------------------
     0 | D:1      | Descartes the Felid Wanderer began the quest for the Orb.
     0 | D:1      | Descartes set off with the following items: a potion of
                  | lignification, a ration; and the following spell memorised:
                  | Animate Skeleton; and the following spells available to
                  | memorise: Regeneration
     0 | D:1      | Reached XP level 1. HP: 9/9 MP: 3/3
   153 | D:1      | Slain by a kobold

Skill      XL: |  1 |
---------------+----+-----
Stealth        | 3 |  3.0
Fighting       | |  1.1
Dodging        | |  4.1
Unarmed Combat | |  1.2
Spellcasting   | |  1.1
Necromancy     | |  2.0

Action                   || total
-------------------------++-------
Melee: Unarmed           ||    30
       Bite              ||     2
  Eat: Chunk             ||     1
Armor: Skin              ||     1
Dodge: Dodged            ||    48
